AoeStats
← ivcrk826

Arabia

506402235Analyzed
2v2 RM · 19d ago on Sep 13, 2026· 33m 15s· 4 players
Game mode
Random Map
Map size
Medium (4 player)
Population
200
Speed
Normal
Resources
Standard
Victory
Conquest
Starting age
Dark Age
Ending age
Imperial Age
RankedLock teamsTeams togetherTeam positionsShared explorationLock speedFull tech treeHidden civsTurbo modeCheats
Victory
Defeat
🇹🇼 Khmer · Taiwan
1523
+13
🇹🇼 Armenians · Taiwan
1506
+14
🇩🇪 Britons · Germany
1483
-14
🇦🇷 Saracens · Argentina
1435
-13
Inf3ctedPenguin
7:13 Loom
9:42 Feudal Age
10:35 Double-Bit Axe
12:40 Horse Collar
16:03 Gold Mining
18:05 Fletching
20:32 Castle Age
19:32 Fletching
19:43 Padded Archer Armor
21:12 Bodkin Arrow
20:38 Elite Skirmisher
21:31 Crossbowman
23:30 Leather Archer Armor
25:53 Ballistics
27:49 Wheelbarrow
27:51 Bow Saw
31:22 Heavy Plow
31:57 Gold Shaft Mining
33:50 Hand Cart
33:21 Town Watch
ivcrk826
6:14 Loom
9:09 Feudal Age
10:36 Double-Bit Axe
12:10 Horse Collar
22:32 Castle Age
21:42 Scale Barding Armor
29:33 Chain Barding Armor
31:49 Forging
SuperCrazyFeng
6:06 Loom
8:43 Feudal Age
9:32 Double-Bit Axe
14:19 Fletching
18:29 Padded Archer Armor
22:36 Castle Age
21:24 Gold Mining
21:15 Horse Collar
23:12 Wheelbarrow
23:13 Bodkin Arrow
22:48 Crossbowman
25:47 Ballistics
31:21 Imperial Age
32:08 Bracer
存在即合理
5:37 Loom
8:55 Feudal Age
9:35 Double-Bit Axe
9:54 Horse Collar
15:37 Scale Barding Armor
17:17 Forging
19:04 Bloodlines
23:19 Castle Age
21:23 Gold Mining
23:29 Light Cavalry
24:37 Chain Barding Armor
26:04 Husbandry
27:11 Wheelbarrow
27:57 Iron Casting
27:51 Heavy Plow
29:02 Gold Shaft Mining
30:55 Town Watch
32:47 Bow Saw
Connection lost

Rejoining the realm…

Still unreachable

The connection could not be restored.

Session expired

The server has moved on; the page needs a fresh start.